Workbook

Sheet 扉-3 投标总价扉页
B1: 红卫场乱搭建钢棚拆除 | G1: 工程
A2: 投 标 总 价
A3: 招 标 人：
A4: 工 程 名 称： | C4: 红卫场乱搭建钢棚拆除工程
A5: 投 标 总 价 | C5: （小写）：
C6: （大写）： | D6: *万*仟*佰*拾*元*角*分
A7: 投 标 人：
C8: (单位盖章)
A9: 法定代表人 或其授权人：
C10: (签字或盖章)
A11: 编 制 人：
C12: （造价人员签字盖专用章）
A13: 编 制 时 间：
G14: 扉-3

Sheet 表-04 单位工程投标报价汇总表
A1: 单位工程投标报价汇总表
A2: 工程名称：红卫场乱搭建钢棚拆除工程 | D2: 标段： | E2: 第 1 页 共 1 页
A3: 序号 | B3: 汇总内容 | C3: 金额:(元) | F3: 其中：暂估价(元)
A4: 1 | B4: 分部分项合计 | C4: ='表-08 分部分项工程和单价措施项目清单与计价表'!J25 -> 0
A5: 2 | B5: 措施合计 | C5: =C6+C7 -> 0
A6: 2.1 | B6: 安全防护、文明施工措施项目费 | C6: ='表-11 总价措施项目清单与计价表'!G4 -> 0
A7: 2.2 | B7: 其他措施费
A8: 3 | B8: 其他项目 | F8: －
A9: 3.1 | B9: 材料检验试验费
A10: 3.2 | B10: 工程优质费
A11: 3.3 | B11: 暂列金额
A12: 3.4 | B12: 暂估价
A13: 3.5 | B13: 计日工
A14: 3.6 | B14: 总承包服务费
A15: 3.7 | B15: 材料保管费
A16: 3.8 | B16: 预算包干费
A17: 3.9 | B17: 索赔费用
A18: 3.10 | B18: 现场签证费用
A19: 4 | B19: 规费 | C19: ='表-13 规费、税金项目清单与计价表'!H4 -> 0 | F19: －
A20: 5 | B20: 税金 | C20: ='表-13 规费、税金项目清单与计价表'!H9 -> 0 | F20: －
A21: 6 | B21: 总造价 | C21: =C4+C5+C8+C19+C20 -> 0
A22: 7 | B22: 人工费
A36: 投标报价合计=1+2+3+4+5 | C36: =C21 -> 0 | F36: 0
A37: 注：本表适用于单位工程招标控制价或投标报价的汇总，如无单位工程划分，单项工程也使用本表汇总
E38: 表—04

Sheet 表-08 分部分项工程和单价措施项目清单与计价表
A1: 分部分项工程和单价措施项目清单与计价表
A2: 工程名称：红卫场乱搭建钢棚拆除工程 | E2: 标段： | H2: 第 1 页 共 1 页
A3: 序号 | B3: 项目编码 | C3: 项目名称 | D3: 项目特征描述 | F3: 计量单位 | G3: 工程量 | I3: 金额（元）
I4: 综合单价 | J4: 综合合价 | K4: 其中
K5: 暂估价
C6: 整个项目
A7: 1 | B7: 粤R1-1-3 | C7: 人工整体拆除 混合结构 瓦屋面 | D7: 1、人工拆除彩钢瓦、简易钢梁、钢柱、简易隔墙； 2、场内搬运、分类归堆、清运； 3、含：平台升降车费用； | F7: m2 | G7: 1660.81 | J7: =G7*I7 -> 0
A8: 2 | B8: 粤R1-1-38 | C8: 人工单项拆除 广告招牌拆除 板材(不分材质) | D8: 1、人工拆除广告招牌、钢龙骨； 2、场内搬运、分类归堆、清运； | F8: m2 | G8: 27.2 | J8: =G8*I8 -> 0
A9: 3 | B9: 粤R1-1-34 | C9: 人工单项拆除 砖墙 （180厚） | D9: 1、人工拆除180厚砖墙拆除、清运； | F9: m3 | G9: 3.93 | J9: =G9*I9 -> 0
A10: 4 | B10: 粤R1-1-66 | C10: 人工单项拆除 金属门（卷闸门） | D10: 1、人工拆除卷闸门拆除、清运； | F10: m2 | G10: 15 | J10: =G10*I10 -> 0
A11: 5 | B11: 粤011701012001 | C11: 活动脚手架 | F11: m2 | G11: 81.6 | J11: =G11*I11 -> 0
A12: 6 | B12: 011611005001 | C12: 其他金属构件物料回收 | F12: t | G12: 8.56 | J12: =G12*I12 -> 0
A13: 7 | B13: 011707004001 | C13: 场地清洁 | D13: 1、拆除范围内杂物清理，场地卫生打扫、垃圾清运（仅限于1660平方钢棚范围内）； | F13: 项 | G13: 1 | J13: =G13*I13 -> 0
C14: 措施项目
A24: 本页小计 | J24: =J7+J8+J9+J10+J11+J12+J13 -> 0
A25: 合 计 | J25: =J24 -> 0
A26: 注：为计取规费等的使用，可在表中增设其中：“定额人工费”。
H27: 表—08

Sheet 表-11 总价措施项目清单与计价表
A1: 总价措施项目清单与计价表
A2: 工程名称：红卫场乱搭建钢棚拆除工程 | F2: 标段： | I2: 第 1 页 共 2 页
A3: 序号 | B3: 项目编码 | C3: 项目名称 | D3: 计算基础 | E3: 费率 (%) | G3: 金额 (元) | H3: 调整费率 (%) | J3: 调整后 金额 (元) | K3: 备注
A4: 1 | B4: 011707001001 | C4: 文明施工与环境保护、临时设施、安全施工 | D4: 分部分项合计 | E4: 3.8796 | G4: =0.038796*'表-08 分部分项工程和单价措施项目清单与计价表'!J25 -> 0 | K4: 以分部分项工程费为计算基础，费率3.8796%
A5: 2 | B5: WMGDZJF00001 | C5: 文明工地增加费 | D5: 分部分项合计 | E5: 0 | K5: 以分部分项工程费为计算基础，市级文明工地为0.4%；省级文明工地为0.7%
A6: 3 | B6: 011707002001 | C6: 夜间施工增加费 | E6: 20 | K6: 以夜间施工项目人工费的20%计算
A7: 4 | B7: GGCSF0000001 | C7: 赶工措施 | D7: 分部分项合计 | E7: 0 | K7: 赶工措施费=（1-δ）*分部分项工程费*0.1 （0.8≤δ＜1 式中：δ=合同工期/定额工期）
A8: 5 | B8: NJCCQZJCC001 | C8: 泥浆池(槽)砌筑及拆除 | K8: 钻(冲)孔桩、旋挖成孔灌注桩、微型桩，费用标准为:26.26元/m3； 地下连续墙费用标准为:42.11元/m3
A9: 6 | B9: LSSGCSF00001 | C9: 绿色施工措施费 | D9: 分部分项合计 | E9: 0 | K9: 依据“穗建造价【2015】69号文”、“佛建价【2018】3号文”与“
A10: 编制人（造价人员）： | F10: 复核人（造价工程师）：
A11: 注：1.“计算基础”中安全文明施工费可为“定额基价”、“定额人工费”或“定额人工费+定额机械费”，其他项目可为“定额人工费”或“定额人工费+定额机械费”。 2.按施工方案计算的措施费，若无“计算基础”和“费率”的数值，也可只填“金额”数值，但应在备注栏说明施工方案出处或计算方法。
I12: 表-11
A13: 总价措施项目清单与计价表
A14: 工程名称：鹤龙三路7号乱搭建钢棚拆除工程 | F14: 标段： | I14: 第 2 页 共 2 页
A15: 序号 | B15: 项目编码 | C15: 项目名称 | D15: 计算基础 | E15: 费率 (%) | G15: 金额 (元) | H15: 调整费率 (%) | J15: 调整后 金额 (元) | K15: 备注
K16: 中山市住房和城乡建设局关于绿色施工措施费计价办法的通知”，建筑、装饰工程，绿色施工措施费可按分部分项工程费的0.6%计
A36: 合 计 | G36: =G4 -> 0
A37: 编制人（造价人员）： | F37: 复核人（造价工程师）：
A38: 注：1.“计算基础”中安全文明施工费可为“定额基价”、“定额人工费”或“定额人工费+定额机械费”，其他项目可为“定额人工费”或“定额人工费+定额机械费”。 2.按施工方案计算的措施费，若无“计算基础”和“费率”的数值，也可只填“金额”数值，但应在备注栏说明施工方案出处或计算方法。
I39: 表-11

Sheet 表-13 规费、税金项目清单与计价表
A1: 规费、税金项目清单与计价表
A2: 工程名称：红卫场乱搭建钢棚拆除工程 | D2: 标段： | G2: 第 1 页 共 1 页
A3: 序号 | B3: 项目名称 | C3: 计算基础 | E3: 计算基数 | F3: 计算费率 (%) | H3: 金额(元)
A4: 1 | B4: 规费 | C4: 规费合计 | H4: =H8 -> 0
A5: 1.1 | B5: 工程排污费 | C5: 分部分项合计+措施合计+其他项目 | F5: 0
A6: 1.2 | B6: 施工噪音排污费 | C6: 分部分项合计+措施合计+其他项目 | F6: 0
A7: 1.3 | B7: 防洪工程维护费 | C7: 分部分项合计+措施合计+其他项目 | F7: 0
A8: 1.4 | B8: 危险作业意外伤害保险 | C8: 分部分项合计+措施合计+其他项目 | F8: 0.1 | H8: =0.001*('表-08 分部分项工程和单价措施项目清单与计价表'!J25+'表-11 总价措施项目清单与计价表'!G36) -> 0
A9: 2 | B9: 税金 | C9: 分部分项合计+措施合计+其他项目+规费 | F9: 9 | H9: =0.09*('表-08 分部分项工程和单价措施项目清单与计价表'!J25+'表-11 总价措施项目清单与计价表'!G36+'表-13 规费、税金项目清单与计价表'!H4) -> 0
A33: 合 计
A34: 编制人（造价人员）： | D34: 复核人（造价工程师）：
G35: 表—13
